 Dungeon Crawl Stone Soup version 0.26-a0-665-gefeb406119 (webtiles) character file.

Game seed: 9761740591164299087

133 jasper the Conjurer (level 4, -3/33 HPs)
             Began as a Demigod Conjurer on Oct 16, 2020.
             Slain by a centaur (7 damage)
             ... on level 3 of the Dungeon.
             The game lasted 00:03:34 (2354 turns).

jasper the Conjurer (Demigod Conjurer)              Turns: 2354, Time: 00:03:34

Health: -3/33      AC:  2    Str: 10    XL:     4   Next: 64%
Magic:  6/9        EV: 12    Int: 24    God:
Gold:   66         SH:  0    Dex: 14    Spells: 3/6 levels left

rFire    . . .     SeeInvis .   b - +0 hunting sling
rCold    . . .     Faith    .   (no shield)
rNeg     . . .     Spirit   .   a - +0 robe
rPois    .         Reflect  .   (no helmet)
rElec    .         Harm     .   (no cloak)
rCorr    .         Rampage  .   (no gloves)
MR       .....                  (no boots)
Stlth    ++........             (no amulet)
HPRegen  0.11/turn              (no ring)
MPRegen  0.11/turn              (no ring)

@: no status effects
A: high mp 1
a: no special abilities


You were on level 3 of the Dungeon.
You visited 1 branch of the dungeon, and saw 3 of its levels.

You collected 66 gold pieces.

Inventory:

Hand Weapons
 b - a +0 hunting sling (weapon)
 i - a +3 dagger
 m - a +2 dagger of venom
Missiles
 c - 23 poisoned darts
 f - 184 stones (quivered)
 q - 5 atropa-tipped darts
Armour
 a - a +0 robe (worn)
 j - a +0 leather armour
Jewellery
 t - an uncursed ring of protection from fire {unknown}
Scrolls
 e - a scroll of identify {unknown}
 g - 3 scrolls of blinking {unknown}
 h - a scroll of remove curse {unknown}
 n - a scroll of amnesia {unknown}
 p - a scroll of fear {unknown}
 s - a scroll of magic mapping {unknown}
Potions
 d - 2 potions of might {unknown}
 k - a potion of lignification {unknown}
 l - 2 potions of haste {unknown}
 o - 2 potions of heal wounds {unknown}
 r - a potion of flight {unknown}


   Skills:
 - Level 1.7 Dodging
 - Level 1.7 Stealth
 - Level 1.7 Spellcasting
 + Level 5.7 Conjurations


You had 3 spell levels left.
You knew the following spells:

 Your Spells              Type           Power        Failure   Level
a - Magic Dart            Conj           ####         1%          1
b - Searing Ray           Conj           ####..       1%          2

Your spell library contained the following spells:

 Spells                   Type           Power        Failure   Level
 Dazzling Flash           Conj/Hex       ###...       12%         3
 Fulminant Prism          Conj/Hex       ###.......   36%         4
 Iskenderun's Mystic Bla  Conj/Tloc      ###.....     36%         4


Dungeon Overview and Level Annotations

Branches:
Dungeon (3/15)

Annotations:
D:3 Robin


Innate Abilities, Weirdness & Mutations

You have an increased reservoir of magic. (+10% MP)


Message History

* * * LOW HITPOINT WARNING * * *
You take 10 damage, and have 8/33 hp.
MASSIVE DAMAGE!!
Unknown command.
Okay, then.
Casting: Searing Ray (safe; 1% risk of failure)
Confirm with . or Enter, or press ? or * to list all spells.
Aiming: Searing Ray (safe; 1% risk of failure)
Press: ? - help, Shift-Dir - straight line, f/p - centaur
Aim: a centaur, quivering 15 arrows (lightly wounded, berserk)
The searing ray hits the centaur!
The centaur is moderately wounded. (Press . to maintain the ray.)
The centaur closely misses you. The centaur barely misses you.
You now have 7/9 mp.
The searing ray hits the centaur!
The centaur is heavily wounded.
The centaur hits you.
* * * LOW HITPOINT WARNING * * *
The centaur hits you!
You die...

## ## #. .# ....
####.# #.#.
#...# #..†..##
..## (....
#.#<####.#$#....
#..†))...##'(...
###.###.#.(.#
.......†..c.#
#.####.#.@#.# ##
#....#)#
#..#.()#
##..##'((†(.(#
##( !#...g(#(
..## .)#.(# #.#
#...#.. #. (#..
# #. ####.


You could see a centaur (berserk).

Vanquished Creatures
  A howler monkey (D:2)
  2 adders
  3 worms
  2 leopard geckos (D:2)
  2 orcs (D:3)
  4 giant cockroaches
  13 goblins
  7 hobgoblins
  A jackal (D:3)
  A quokka (D:2)
  2 ball pythons
  2 bats (D:2)
  4 frilled lizards
  13 kobolds
  9 rats
66 creatures vanquished.

Notes
Turn   | Place    | Note
-------+----------+-------------------------------------------
     0 | D:1      | jasper the Demigod Conjurer began the quest for the Orb.
     0 | D:1      | Reached XP level 1. HP: 14/14 MP: 5/5
   411 | D:1      | Reached skill level 4 in Conjurations
   635 | D:1      | Reached XP level 2. HP: 16/20 MP: 7/7
  1408 | D:2      | Learned a level 2 spell: Searing Ray
  1478 | D:2      | Found an ornate altar of the Wu Jian Council.
  1556 | D:2      | Reached XP level 3. HP: 26/26 MP: 8/8
  1571 | D:2      | Found a stormy altar of Qazlal.
  1951 | D:2      | Reached skill level 5 in Conjurations
  1951 | D:2      | Reached XP level 4. HP: 33/33 MP: 5/9
  2318 | D:3      | Noticed a centaur
  2349 | D:3      | Noticed Robin
  2354 | D:3      | Slain by a centaur

Illustrated notes

Levels and vault maps discovered:
D:1:      psy_arrival_wood_between_worlds, layout_basic
D:2:      layout_rooms, marbit_many_paths, grunt_qazlal_sundering
D:3:      lemuel_castle_with_subvaults [lemuel_castle_interior_carwin_1],
          layout_loops_ring, serial_glass, glass_columns_a, glass_columns_a,
          glass_columns_b, glass_columns_b, minmay_fractal_squares_diagonal_5,
          uniq_robin

Skill      XL: |  1  2  3 |
---------------+----------+-----
Conjurations   | 4 5 |  5.7
Dodging        | |  1.7
Stealth        | |  1.7
Spellcasting   | |  1.7

Action                   |  1- 3 |  4- 6 || total
-------------------------+-------+-------++-------
Melee: Unarmed           |     4 |       ||     4
 Fire: Hunting sling     |    65 |    44 ||   109
Throw: Dart              |    10 |       ||    10
 Cast: Magic Dart        |    34 |     4 ||    38
       Searing Ray       |       |     9 ||     9
Armor: Robe              |     3 |     7 ||    10
Dodge: Dodged            |    18 |    13 ||    31

Table legend: (Time is in decaauts)
 A = Elapsed time spent in this place.
 B = Non-inter-level travel time spent in this place.
 C = Inter-level travel time spent in this place.
 D = Time resting spent in this place.
 E = Time spent auto-exploring this place.
 F = Levels seen in this place.
 G = Mean time per level.
                   A        B        C        D        E       F      G
               +--------+--------+--------+--------+--------+-----+--------+
         Total |   2377 |   2344 |     33 |    304 |   1632 |   3 |  792.3 |
       Dungeon |   2377 |   2344 |     33 |    304 |   1632 |   3 |  792.3 |
               +--------+--------+--------+--------+--------+-----+--------+

Top non-repeatable levels by time:
     D:1: 1227 daAuts
     D:2: 971 daAuts
     D:3: 178 daAuts
